Cogmind - Beta 17 @@@ ROGUE MODE // 2026.06.23 @ 23:25:06 Player: Venar246 Result: Destroyed by H-66 Slayer with Gauss Rifle Performance ------------- Evolutions (4) 2000 Regions Visited (9) 1800 Robots Destroyed (97) 485 Value Destroyed (3252) 3252 Prototype IDs (8) 160 Alien Tech Used (0) 0 Bonus (300) 300 TOTAL SCORE: 7997 Bonus ------- Aligned with FarCom 300 Cogmind --------- Core Integrity 0/850 Matter 277/300 Energy 99/100 System Corruption 4% Temperature Cool (0) Movement Core (50) Location -6/Extension Parts ------- > --- POWER (1) -------- (None) > --- PROPULSION (4) --- (None) > --- UTILITY (8) ------ Advanced Targeting Computer Target Analyzer System Shield > --- WEAPON (2) ------- (None) > --- INVENTORY (5) ---- Advanced Targeting Computer Advanced ECM Suite Improved Arc Projector Heavy Rocket Launcher Phasing Sabre Peak State ------------ > --- POWER ------------ Light Deuterium Engine > --- PROPULSION ------- Carbon-fiber Leg Carbon-fiber Leg Flexi-carbon Leg Flexi-carbon Leg > --- UTILITY ---------- Advanced Heat Sink Medium Storage Unit Advanced Targeting Computer Advanced Targeting Computer Target Analyzer Weapon Cycler Reaction Control System Force Field > --- WEAPON ----------- Firepult > --- INVENTORY -------- Flexi-carbon Leg Advanced Targeting Computer Advanced Targeting Computer Advanced ECM Suite Improved Arc Projector Improved Spread Laser Heavy Rocket Launcher Great Axe [Rating: 69] Favorites ----------- Power Heavy Deuterium Engine Engine Heavy Deuterium Engine Power Core Light Nuclear Core Propulsion Aluminum Leg Leg Aluminum Leg Wheel Compact Wheel Utility Advanced Targeting Computer Device Energy Filter Storage Small Storage Unit Processor Advanced Targeting Computer Hackware System Shield Protection Hardened Medium Armor Plating Weapon Advanced Assault Cannon Energy Gun Heavy Particle Gun Energy Cannon Proton Cannon Ballistic Gun Light Assault Rifle Ballistic Cannon Advanced Assault Cannon Launcher Heavy Rocket Launcher Slashing Weapon Axe Build | -11 -10 -9 -9 -9 -8 -8 -7 -6 -6 ------- Run | Yrd Mat Mat Min Exi Min Mat Fac Fac Ext Slots Evolved 8 | . . 2 . . . 2 2 2 . Power . | . . . . . . . . . . Propulsion 2 | . . 1 . . . 1 . . . Utility 6 | . . 1 . . . 1 2 2 . Weapon . | . . . . . . . . . . Parts Attached 97 | 6 5 6 2 4 . 23 23 17 11 Power 7 | 1 . . . . . 3 2 . 1 Engine 5 | 1 . . . . . 1 2 . 1 Core 2 | . . . . . . 2 . . . Reactor . | . . . . . . . . . . Propulsion 26 | 2 3 1 2 . . 7 5 5 1 Treads . | . . . . . . . . . . Leg 24 | 2 3 1 2 . . 7 3 5 1 Wheel 2 | . . . . . . . 2 . . Hover . | . . . . . . . . . . Flight . | . . . . . . . . . . Utility 35 | 1 . 3 . . . 7 9 9 6 Device 18 | . . . . . . 1 7 9 1 Storage 2 | 1 . . . . . . 1 . . Processor 6 | . . . . . . 4 . . 2 Hackware 1 | . . . . . . . . . 1 Protection 8 | . . 3 . . . 2 1 . 2 Artifact . | . . . . . . . . . . Weapon 29 | 2 2 2 . 4 . 6 7 3 3 Energy Gun 9 | 2 . . . 2 . . 4 1 . Energy Cannon 4 | . . . . 2 . . 1 1 . Ballistic Gun 6 | . 2 . . . . 2 . . 2 Ballistic Cannon 5 | . . 1 . . . 3 1 . . Launcher 2 | . . 1 . . . 1 . . . Special Weapon . | . . . . . . . . . . Impact Weapon . | . . . . . . . . . . Slashing Weapon 3 | . . . . . . . 1 1 1 Piercing Weapon . | . . . . . . . . . . Special Melee Weapon . | . . . . . . . . . . Unidentified Prototypes 8 | . . . . 2 . 2 4 . . Corrupted Parts 1 | . . . . . . . . 1 . System Corruption 2 | . . . . . . . . 2 . Parts Lost 29 | . . . . . . 6 9 4 10 Power 2 | . . . . . . 1 . . 1 Propulsion 10 | . . . . . . 3 5 . 2 Utility 13 | . . . . . . 1 2 3 7 Weapon 4 | . . . . . . 1 2 1 . Highest Loss Streak 7 | . . . . . . 3 4 2 7 To Critical Strikes . | . . . . . . . . . . Average Backups 7 | 1 5 7 7 7 7 6 7 8 6 Power . | . 1 1 1 1 1 . . . . Propulsion . | . 1 1 . 1 1 . . . . Utility 3 | . 1 2 3 3 3 2 4 3 2 Weapon 3 | . 2 2 3 2 2 3 2 4 3 Tool/Special . | . . . . . . . . . . Unused Backups 16 | . 1 2 . . . 8 2 . 3 Power 1 | . . . . . . 1 . . . Propulsion . | . . . . . . . . . . Utility 10 | . 1 1 . . . 5 2 . 1 Weapon 5 | . . 1 . . . 2 . . 2 Tool/Special . | . . . . . . . . . . Average Slot Usage (%) 87 | . 85 91 100 98 100 97 85 83 60 Engine 5 | . 14 11 11 11 11 1 6 6 2 Core 2 | . . . . . . 7 . . . Leg 22 | . 28 32 33 33 33 35 18 3 11 Wheel 1 | . . . . . . . . 11 . Device 9 | . . . . . . . 14 25 11 Storage 7 | . 14 11 11 11 11 9 7 6 2 Processor 10 | . . . . . . 10 15 13 21 Protection 9 | . . 15 22 22 22 15 6 2 1 Energy Gun 5 | . 16 . . 4 11 . 6 10 . Ballistic Gun 3 | . 11 11 11 5 . 4 . . . Ballistic Cannon 5 | . . 10 11 9 11 12 2 . . Peak Build Rating 69 | 6 7 13 13 30 16 32 53 59 69 Average Rating 31 | 5 6 10 13 15 16 26 39 47 37 On Entrance 19 | . 6 7 13 13 16 16 31 36 59 Avg Prop Armor Cover (%) 6 | . . . . . . . . 6 . Naked Turns . | . . . . . . . . . . Heaviest Build 47 | 12 12 24 24 41 26 31 38 46 47 Greatest Support 70 | 20 20 30 30 30 30 52 70 70 70 Greatest Overweight (x) 11 | 2 . . . 1 . 1 11 3 3 Average Overweight (x) . | . . . . . . . . . . Largest Inventory Capacity 10 | 8 8 8 8 8 8 8 10 10 10 Average Capacity 8 | 6 8 8 8 8 8 8 8 10 7 Most Carried 10 | 2 8 8 8 8 8 8 10 10 10 Average Carried 7 | 1 5 7 7 7 8 7 8 9 6 Final Capacity 10 | 8 8 8 8 8 8 8 10 10 5 Final Carried 10 | 2 8 7 8 8 8 8 10 9 5 Class Distribution -------------------- 75% | Mutant 23% | Scavenger-Mutant Dominant Class ---------------- Mutant | -10/Materials Mutant | -9/Materials Scavenger-Mutant | -9/Mines Scavenger-Mutant | -9/Exiles Scavenger-Mutant | -8/Mines Mutant | -8/Materials Mutant | -7/Factory Mutant | -6/Factory Mutant | -6/Extension Resources | -11 -10 -9 -9 -9 -8 -8 -7 -6 -6 ----------- Run | Yrd Mat Mat Min Exi Min Mat Fac Fac Ext Matter Collected 2337 | 193 137 210 60 . . 725 556 343 113 Remotely . | . . . . . . . . . . Salvage Created 3814 | . 263 129 36 . . 714 1026 809 837 Parts 184 | . 15 16 5 . . 38 50 34 26 Haulers Intercepted 6 | . . . . . . 2 3 . 1 Recyclers Shooed 5 | . . . . . . 1 . 2 2 Parts Field Recycled . | . . . . . . . . . . Retrieved Matter . | . . . . . . . . . . Parts Self-Destructed . | . . . . . . . . . . Prevented . | . . . . . . . . . . Parts Restored . | . . . . . . . . . . Kills | -11 -10 -9 -9 -9 -8 -8 -7 -6 -6 ------- Run | Yrd Mat Mat Min Exi Min Mat Fac Fac Ext Combat Hostiles Destroyed 67 | . 7 7 2 . . 18 14 15 4 Melee 5 | . . . . . . . 1 3 1 Guns 25 | . 7 . 1 . . 5 6 6 . Cannons 19 | . . 4 1 . . 10 3 1 . AOE 15 | . . 3 . . . 3 2 5 2 Classes Destroyed 15 | . 3 3 . . . 5 1 1 2 Worker 8 | . . 1 . . . . 3 4 . Builder 4 | . . 3 . . . . . . 1 Tunneler 1 | . . 1 . . . . . . . Hauler 6 | . . . . . . 2 3 . 1 Recycler 7 | . 1 . . . . . 1 2 3 Operator 3 | . . . . . . 2 . . 1 Watcher 1 | . . . . . . . . . 1 Swarmer 12 | . 3 3 2 . . . . 4 . Grunt 27 | . 4 4 . . . 11 2 5 1 Duelist 3 | . . . . . . 2 1 . . Sentry 11 | . . . . . . 4 6 . 1 Specialist 1 | . . . . . . . . 1 . Hunter 6 | . . . . . . 1 2 3 . Programmer 6 | . . . . . . . 3 2 1 Behemoth 1 | . . . . . . . . . 1 Best Kill Streak 7 | . 6 7 2 . . 4 3 7 7 Combat Bots Only 5 | . 5 5 2 . . 4 3 4 2 Max Kills in Single Turn 3 | . 1 3 2 . . 2 2 2 2 Gunslinging . | . . . . . . . . . . Exploded 2 | . . 2 . . . 1 1 2 2 Melee 1 | . . . . . . . 1 1 1 Uniques/NPCs Destroyed . | . . . . . . . . . . Combat | -11 -10 -9 -9 -9 -8 -8 -7 -6 -6 -------- Run | Yrd Mat Mat Min Exi Min Mat Fac Fac Ext Hostile Shots Fired 705 | . 28 38 1 . . 105 281 62 190 Missed 225 | . 9 8 1 . . 22 102 14 69 Hits 480 | . 19 30 . . . 83 179 48 121 Melee 4 | . . . . . . 4 . . . Projectile 476 | . 19 30 . . . 79 179 48 121 Critical Strikes 11 | . . . . . . 2 1 2 6 Part Disruptions 4 | . . . . . . . . 3 1 Damage Taken 6196 | . 206 406 16 . . 1383 1575 775 1835 Core 1288 | . 49 46 . . . 165 177 156 695 Absorbed by Shields 240 | . . . . . . . . 170 70 Redirected to Shielding 7 | . . 7 . . . . . . . Core Remaining (%) 82 | 100 80 . . . 88 70 74 . . Volleys Fired 201 | . 28 18 2 . . 62 59 28 4 Largest 2 | . 2 2 2 . . 2 2 2 1 Hottest 250 | . 80 63 53 . . 89 250 155 250 Shots Fired 344 | . 56 28 4 . . 121 91 38 6 Gun 193 | . 56 6 2 . . 43 56 30 . Cannon 135 | . . 16 2 . . 76 34 1 6 Launcher 16 | . . 6 . . . 2 1 7 . Special . | . . . . . . . . . . Kinetic 170 | . 20 22 4 . . 108 16 . . Thermal 128 | . 36 . . . . 11 47 30 4 Explosive 16 | . . 6 . . . 2 1 7 . Electromagnetic 30 | . . . . . . . 27 1 2 Robot Hit Streak 38 | . 13 14 3 . . 20 38 14 9 Robot Miss Streak 5 | . 2 5 2 . . 5 2 2 2 Penetration Max . | . . . . . . . . . . Secondary Targets 1 | . . . . . . 1 . . . Max Gunslinging Chain 1 | . . . . . . 1 . . . Shots Hit Robots 268 | . 35 19 1 . . 79 80 46 8 Core Hits 192 | . 16 17 2 . . 34 52 49 22 Critical Kills . | . . . . . . . . . . Critical Parts Destroyed . | . . . . . . . . . . Critical Strikes 6 | . . 1 . . . 1 2 1 1 Burn 1 | . . . . . . 1 . . . Blast 1 | . . 1 . . . . . . . Sever 4 | . . . . . . . 2 1 1 Melee Attacks 22 | . . . . . . . 7 10 5 Impact . | . . . . . . . . . . Slashing 22 | . . . . . . . 7 10 5 Piercing . | . . . . . . . . . . Sneak Attacks 3 | . . . . . . . 1 1 1 Combat Hostiles . | . . . . . . . . . . Follow-up Attacks . | . . . . . . . . . . Damage Inflicted 9100 | . 349 963 37 . . 2147 2078 2398 1128 Guns 2797 | . 349 40 10 . . 498 1021 879 . Cannons 2284 | . . 274 24 . . 1159 564 42 221 Explosions 3014 | . . 649 . . . 490 218 1040 617 Melee 966 | . . . . . . . 275 403 288 Ramming 39 | . . . 3 . . . . 34 2 Kinetic 2301 | . 132 314 34 . . 1570 251 . . Thermal 3080 | . 217 . . . . 87 1059 879 838 Explosive 2238 | . . 649 . . . 490 59 1040 . Electromagnetic 476 | . . . . . . . 434 42 . Impact . | . . . . . . . . . . Slashing 966 | . . . . . . . 275 403 288 Piercing . | . . . . . . . . . . Highest Corruption 6 | . . . . . . . 4 4 6 Average Corruption 2 | . . . . . . . 2 2 5 Corruption Purged 2 | . . . . . . . . . 2 Corruption Blocked . | . . . . . . . . . . Effects 45 | . . . . . . . 22 9 14 Message Errors 13 | . . . . . . . 7 2 4 Matter Fused 16 | . . . . . . . 8 6 2 Heat Flow Errors 3 | . . . . . . . 2 . 1 Energy Discharges 4 | . . . . . . . 2 . 2 Parts Rejected 2 | . . . . . . . . . 2 Parts Fused 2 | . . . . . . . . 1 1 Data Loss (minor) 1 | . . . . . . . 1 . . Data Loss (major) 1 | . . . . . . . 1 . . Misfires 2 | . . . . . . . . . 2 Weapon Failures 1 | . . . . . . . 1 . . Overload Shots . | . . . . . . . . . . Overflow Damage 298 | . . 27 . . . 81 61 63 66 Projectiles 55 | . . 18 . . . 37 . . . Explosions 57 | . . 9 . . . 44 . 4 . Melee 186 | . . . . . . . 61 59 66 Knockbacks 19 | . . 4 . . . 12 2 1 . Impact 1 | . . . . . . . . 1 . Kinetic 18 | . . 4 . . . 12 2 . . Secondary . | . . . . . . . . . . Self-Inflicted Damage 286 | . . 85 . . . . 22 178 1 Shots 11 | . . 4 . . . . 3 4 . Rammed 3 | . . . . . . . . 2 1 Targets Rammed 9 | . . . 1 . . . . 7 1 Kicked 6 | . . . 1 . . . . 5 . Crushed . | . . . . . . . . . . Highest Temperature 482 | . 117 37 16 . . 444 376 133 482 Average Temperature 84 | . 39 17 12 . . 96 103 44 171 Received Heat Transfer 2097 | . 81 132 . . . 657 309 94 824 Effects 5 | . . . . . . 4 . . 1 Shutdowns 2 | . . . . . . 1 . . 1 Short Circuit 1 | . . . . . . 1 . . . Damage (minor) 1 | . . . . . . 1 . . . Damage (major) 1 | . . . . . . 1 . . . Siege Activations . | . . . . . . . . . . Martial Activations . | . . . . . . . . . . Shielding Activations . | . . . . . . . . . . Robots Disrupted . | . . . . . . . . . . Combat Hostiles . | . . . . . . . . . . Robots Corrupted 1 | . . . . . . . 1 . . Combat Hostiles 1 | . . . . . . . 1 . . Parts Fried . | . . . . . . . . . . Impact Corruptions . | . . . . . . . . . . Robots Melted 5 | . . . . . . . 1 . 4 Combat Hostiles 2 | . . . . . . . 1 . 1 Parts Melted 33 | . 1 . . . . . 10 4 18 Heat Transferred 9288 | . 500 . . . . 296 2437 1495 4560 Parts Sabotaged . | . . . . . . . . . . Parts Stolen . | . . . . . . . . . . Parts Stripped . | . . . . . . . . . . Power Chain Reactions . | . . . . . . . . . . Alert | -11 -10 -9 -9 -9 -8 -8 -7 -6 -6 ------- Run | Yrd Mat Mat Min Exi Min Mat Fac Fac Ext Maximum Alert Level 1 | . . 1 . . . 1 . 1 . Low Security (%) 89 | 100 100 39 100 . 100 83 100 85 100 Level 1 10 | . . 60 . . . 16 . 14 . Level 2 . | . . . . . . . . . . Level 3 . | . . . . . . . . . . Level 4 . | . . . . . . . . . . Level 5 . | . . . . . . . . . . High Security . | . . . . . . . . . . Max Security . | . . . . . . . . . . Peak Influence 308 | . 170 251 92 . 5 308 125 249 129 Initial 125 | . . 67 72 . . . 125 37 119 Average 67 | . 90 187 72 . . 72 45 70 50 Influence Increases 2459 | . 250 299 70 . 5 695 480 503 157 Destroy 0b10 Robot/C 1340 | . 140 140 40 . . 360 280 300 80 Destroy 0b10 Robot/NC 150 | . 5 25 . . . 20 35 30 35 Destroy Leader 312 | . 30 20 . . . 94 96 60 12 Successful Hack 11 | . . . . . 5 6 . . . Disable Machine 120 | . . 30 . . . 45 30 15 . Destroy Structure 166 | . . 24 . . . 65 9 68 . Lose Combat Pursuer 360 | . 75 60 30 . . 105 30 30 30 Influence Decreases 2459 | . 90 273 184 72 5 419 680 336 400 Entered New Map 593 | . . 93 114 72 . . 151 39 124 Time Decay 1632 | . 90 180 70 . 5 359 449 277 202 Lost Part 234 | . . . . . . 60 80 20 74 Squads Dispatched 21 | . 1 1 . . . 4 5 6 4 Investigation 3 | . . 1 . . . 1 . . 1 Extermination 5 | . . . . . . . 3 2 . Reinforcement 13 | . 1 . . . . 3 2 4 3 Assault . | . . . . . . . . . . Garrison . | . . . . . . . . . . Intercept . | . . . . . . . . . . Searches Triggered . | . . . . . . . . . . Construction Impeded 4 | . . . . . . . . 2 2 Haulers Reinforced 1 | . . . . . . . 1 . . Active Scanning Responses . | . . . . . . . . . . Cargo Convoy Interrupts . | . . . . . . . . . . Stealth | -11 -10 -9 -9 -9 -8 -8 -7 -6 -6 --------- Run | Yrd Mat Mat Min Exi Min Mat Fac Fac Ext Distress Signals 14 | . 4 2 1 . . 4 1 . 2 Communications Jammed . | . . . . . . . . . . Distress Signals . | . . . . . . . . . . Times Spotted 133 | . 16 18 10 . . 32 22 21 14 Peak Tracking Total 6 | . 5 5 4 . . 5 3 4 6 Tactical Retreats 15 | . 2 3 1 . . 4 1 2 2 Traps | -11 -10 -9 -9 -9 -8 -8 -7 -6 -6 ------- Run | Yrd Mat Mat Min Exi Min Mat Fac Fac Ext Traps Triggered 6 | . . 1 . . . 1 2 1 1 Indirectly . | . . . . . . . . . . Trap Hack Attempts . | . . . . . . . . . . Triggered . | . . . . . . . . . . Disarmed . | . . . . . . . . . . Reprogrammed . | . . . . . . . . . . Reused . | . . . . . . . . . . Traps Extracted . | . . . . . . . . . . Installed . | . . . . . . . . . . Triggered . | . . . . . . . . . . Machines | -11 -10 -9 -9 -9 -8 -8 -7 -6 -6 ---------- Run | Yrd Mat Mat Min Exi Min Mat Fac Fac Ext Machines Disabled 8 | . . 2 . . . 3 2 1 . Max in Single Turn 2 | . . 1 . . . 1 2 1 . Machines Repaired . | . . . . . . . . . . Machines Dismantled . | . . . . . . . . . . Machines Sabotaged . | . . . . . . . . . . Overloaded Fab Kills . | . . . . . . . . . . Hacking | -11 -10 -9 -9 -9 -8 -8 -7 -6 -6 --------- Run | Yrd Mat Mat Min Exi Min Mat Fac Fac Ext Machines Accessed 10 | . 1 . . . 1 3 2 2 1 Terminals 9 | . 1 . . . 1 3 1 2 1 Fabricators . | . . . . . . . . . . Repair Stations . | . . . . . . . . . . Recycling Units . | . . . . . . . . . . Scanalyzers . | . . . . . . . . . . Garrison Access 1 | . . . . . . . 1 . . Total Hacks 20 | . 2 . . . 2 6 4 3 3 Successful 6 | . 1 . . . 2 1 1 1 . Failed 14 | . 1 . . . . 5 3 2 3 Catastrophic 6 | . 1 . . . . 1 1 1 2 Database Lockouts . | . . . . . . . . . . Manual 11 | . 2 . . 1 . 6 . 2 . Terminals 19 | . 2 . . . 2 6 3 3 3 Fabricators . | . . . . . . . . . . Repair Stations . | . . . . . . . . . . Recycling Units . | . . . . . . . . . . Scanalyzers . | . . . . . . . . . . Garrison Access 1 | . . . . . . . 1 . . Terminal Hacks 6 | . 1 . . . 2 1 1 1 . Open Door 1 | . . . . . . . . 1 . Open DSF 1 | . . . . . . . 1 . . Alert Level 1 | . . . . . 1 . . . . Hauler Manifests 2 | . 1 . . . . 1 . . . Zone Layout 1 | . . . . . 1 . . . . Fabricator Hacks . | . . . . . . . . . . Repair Station Hacks . | . . . . . . . . . . Recycling Unit Hacks . | . . . . . . . . . . Scanalyzer . | . . . . . . . . . . Garrison Access Hacks . | . . . . . . . . . . Unauthorized Hacks . | . . . . . . . . . . Terminals . | . . . . . . . . . . Fabricators . | . . . . . . . . . . Repair Stations . | . . . . . . . . . . Recycling Units . | . . . . . . . . . . Scanalyzers . | . . . . . . . . . . Garrison Access . | . . . . . . . . . . Data Cores Recovered . | . . . . . . . . . . Used . | . . . . . . . . . . Hacking Detections 7 | . 1 . . . 1 2 1 1 1 Full Trace Events 1 | . . . . . . . . . 1 Feedback Events . | . . . . . . . . . . Feedback Blocked . | . . . . . . . . . . Robot Schematics Acquired . | . . . . . . . . . . Robots Built . | . . . . . . . . . . Authchips . | . . . . . . . . . . Time . | . . . . . . . . . . Total Robot Build Rating . | . . . . . . . . . . Part Schematics Acquired . | . . . . . . . . . . Parts Built . | . . . . . . . . . . Authchips . | . . . . . . . . . . Time . | . . . . . . . . . . Total Part Build Rating . | . . . . . . . . . . Part Studies Acquired . | . . . . . . . . . . Parts Repaired . | . . . . . . . . . . Time . | . . . . . . . . . . Parts Recycled . | . . . . . . . . . . Recycled Matter . | . . . . . . . . . . Retrieved Matter . | . . . . . . . . . . Retrieved Components . | . . . . . . . . . . Parts Scanalyzed . | . . . . . . . . . . Part Schematics Acquired . | . . . . . . . . . . Parts Damaged . | . . . . . . . . . . Bothacking | -11 -10 -9 -9 -9 -8 -8 -7 -6 -6 ------------ Run | Yrd Mat Mat Min Exi Min Mat Fac Fac Ext Used RIF Installer . | . . . . . . . . . . Robots Hacked . | . . . . . . . . . . Non-combat . | . . . . . . . . . . Combat . | . . . . . . . . . . Robot Hacks Applied . | . . . . . . . . . . Relay Couplers Released . | . . . . . . . . . . Fabnet Peak Effective % . | . . . . . . . . . . Robots Rewired . | . . . . . . . . . . Allies Hacked . | . . . . . . . . . . Hacks Repelled . | . . . . . . . . . . Allies | -11 -10 -9 -9 -9 -8 -8 -7 -6 -6 -------- Run | Yrd Mat Mat Min Exi Min Mat Fac Fac Ext Total Allies . | . . . . . . . . . . Largest Group . | . . . . . . . . . . Highest-Rated Group . | . . . . . . . . . . Highest-Rated Ally . | . . . . . . . . . . Total Orders . | . . . . . . . . . . Ally Attacks . | . . . . . . . . . . Total Damage . | . . . . . . . . . . Kills . | . . . . . . . . . . Allies Corrupted . | . . . . . . . . . . Allies Melted . | . . . . . . . . . . Intel | -11 -10 -9 -9 -9 -8 -8 -7 -6 -6 ------- Run | Yrd Mat Mat Min Exi Min Mat Fac Fac Ext Active Infowar (turns) 57 | . . . . . . . 53 4 . IFF 2 | . . . . . . . . 2 . Terrain 53 | . . . . . . . 53 . . ECM 2 | . . . . . . . . 2 . Robot Analysis Total . | . . . . . . . . . . Derelict Logs Recovered . | . . . . . . . . . . Drone Launches . | . . . . . . . . . . Drone Recoveries . | . . . . . . . . . . Exploration | -11 -10 -9 -9 -9 -8 -8 -7 -6 -6 ------------- Run | Yrd Mat Mat Min Exi Min Mat Fac Fac Ext Turns Passed 5980 | 53 277 375 153 320 124 1478 1782 903 515 Spaces Moved 3907 | 38 152 244 111 251 97 931 1047 633 403 Core 303 | 5 . . . . . . 28 . 270 Treads . | . . . . . . . . . . Legs 3004 | 33 152 244 111 251 97 931 989 63 133 Wheels 600 | . . . . . . . 30 570 . Hover . | . . . . . . . . . . Flight . | . . . . . . . . . . Fastest Speed 50 | 50 120 120 120 120 120 120 115 115 50 Average Speed 123 | 113 120 120 120 122 120 122 141 119 94 Slowest Speed 600 | 150 120 120 120 190 120 200 600 330 260 Overloaded Moves . | . . . . . . . . . . Propulsion Burnouts . | . . . . . . . . . . Robots Hopped . | . . . . . . . . . . Potential Cave-ins . | . . . . . . . . . . Cave-ins Triggered . | . . . . . . . . . . Exploration Rate (%) 32 | 3 37 28 42 60 17 65 25 15 30 Regions Visited 9 Branch Regions 4 Pre-discovered Areas . | . . . . . . . . . . Known Exits Taken . | . . . . . . . . . . Unknown Exits Taken 9 | 1 1 1 1 1 1 1 1 1 . Scrap Searched . | . . . . . . . . . . Spaces Dug . | . . . . . . . . . . Terrain Destroyed 202 | . . 35 . . . 66 9 92 . Melee . | . . . . . . . . . . Projectile 20 | . . . . . . 20 . . . AOE 182 | . . 35 . . . 46 9 92 . Terrain Rammed . | . . . . . . . . . . Walls Destroyed . | . . . . . . . . . . Machines Disabled . | . . . . . . . . . . Actions | -11 -10 -9 -9 -9 -8 -8 -7 -6 -6 --------- Run | Yrd Mat Mat Min Exi Min Mat Fac Fac Ext Total 4687 | 45 194 299 127 266 104 1156 1240 728 528 Wait 268 | . 1 13 11 . 8 98 64 7 66 Move 3898 | 37 151 243 110 250 96 930 1046 632 403 Hop . | . . . . . . . . . . Pick Up 48 | 2 6 7 . 3 . 14 8 7 1 Fast Attach 63 | 6 . 2 . 4 . 15 18 9 9 Attach 29 | . . 3 . 1 . 4 7 9 5 Detach 13 | . . . . . . . 6 3 4 Swap 37 | . 5 6 2 . . 8 8 5 3 Drop 83 | . 3 7 1 8 . 25 17 11 11 Fire 201 | . 28 18 2 . . 62 59 28 4 Melee 22 | . . . . . . . 7 10 5 Ram 3 | . . . . . . . . 2 1 Kick 6 | . . . 1 . . . . 5 . Crush . | . . . . . . . . . . Escape Stasis 15 | . . . . . . . . . 15 Rewire 1 | . . . . . . . . . 1 Trap . | . . . . . . . . . . Miscellaneous . | . . . . . . . . . . Route ------- -11/Scrapyard -10/Materials -9/Materials -9/Mines (discovered 4 exits: *Mat x2 / *Exi / [Zio]) -9/Exiles -8/Mines -8/Materials -7/Factory -6/Factory (discovered 2 exits: [*Fac] / *Ext) -6/Extension History --------- Turn | Location | Event 6 | -11/Scrapyard | Discovered new exit (range 16) 54 | -11/Scrapyard | Entered Materials 318 | -10/Materials | Build established: Mutant 325 | -10/Materials | Discovered new exit (range 5) 331 | -10/Materials | Entered another Materials area 331 | -9/Materials | Evolved 2 slots: Propulsion x1, Utility x1 465 | -9/Materials | Met 8R-AWN 560 | -9/Materials | Discovered new exit (range 16) 706 | -9/Materials | Entered Mines 708 | -9/Mines | Followed 8R-AWN into the Mines 735 | -9/Mines | Discovered new exit (range 8) 824 | -9/Mines | Discovered new exit (range 13) 842 | -9/Mines | A Derelict revealed a hidden shortcut to a safe place 854 | -9/Mines | Discovered new exit (range 5) 859 | -9/Mines | Entered Exiles 888 | -9/Exiles | Welcomed by 8R-AWN 909 | -9/Exiles | Met EX-HEX 945 | -9/Exiles | Met EX-BIN 963 | -9/Exiles | Aligned with FarCom system 964 | -9/Exiles | Given EX-Vault access code 1000 | -9/Exiles | Opened EX-Vault 1016 | -9/Exiles | Found Prototype Energy Cannon 1016 | -9/Exiles | Identified YOLO Cannon 1024 | -9/Exiles | Found Prototype Energy Cannon 1024 | -9/Exiles | Identified Firepult 1081 | -9/Exiles | Build established: Scavenger-Mutant 1082 | -9/Exiles | Warned to stay clear of 0b10 Research branches 1124 | -9/Exiles | Met EX-DEC 1166 | -9/Exiles | Discovered new exit (range 10) 1179 | -9/Exiles | Left Exiles lab with Firepult 1179 | -9/Exiles | Entered Mines 1208 | -8/Mines | Discovered new exit (range 6) 1303 | -8/Mines | Entered Materials 1303 | -8/Materials | Evolved 2 slots: Propulsion x1, Utility x1 2100 | -8/Materials | Build established: Mutant 2558 | -8/Materials | Lost 3 parts (3n) 2761 | -8/Materials | Discovered new exit (range 14) 2781 | -8/Materials | Entered Factory 2781 | -7/Factory | Evolved 2 slots: Utility x2 3697 | -7/Factory | Lost 4 parts (1n2u1w) 4256 | -7/Factory | Discovered new exit (range 16) 4563 | -7/Factory | Entered another Factory area 4563 | -6/Factory | Evolved 2 slots: Utility x2 4830 | -6/Factory | Discovered new exit (range 16) 5461 | -6/Factory | Discovered new exit (range 5) 5466 | -6/Factory | Entered Extension 5652 | -6/Extension | Spotted B-75 Beast 5675 | -6/Extension | Destroyed B-75 Beast 5715 | -6/Extension | Spotted B-75 Beast 5728 | -6/Extension | Lost 7 parts (1p2n4u) 5798 | -6/Extension | Core integrity fell below 50% 5964 | -6/Extension | Lost 3 parts (3u) 5972 | -6/Extension | Core integrity fell below 20% 5981 | -6/Extension | Destroyed by H-66 Slayer with Gauss Rifle Last Messages --------------- system corruption (5%). 05921_ System Restoration Module purges 1% system corruption (4%). 05925_ Connecting with Door Terminal... 05925_ Current location identified: Extension 05925_ ALERT: Suspicious activity at Terminal E008. Dispatching Investigation squad. 05931_ Critical hit (Burn: +37). 05933_ Adv. Targeting Computer destroyed. 05933_ System Restoration Module destroyed. 05961_ Dropped Lyr. Light Armor Plating. 05966_ K-01 Serf enters Transfer Station. 05968_ Penetrated by Slug. 05973_ U-05 Engineer enters Transfer Station. 05974_ Slug penetrates Wall. 05974_ Penetrated by Slug. 05977_ <2WBJWJ:BX8K